AoeStats
← Bartoz

Scandinavia

510425646Analyzed
1v1 RM · 2d ago on Oct 1, 2026· 45m 21s· 2 players
Game mode
Random Map
Map size
Tiny (2 player)
Population
200
Speed
Normal
Resources
Standard
Victory
Conquest
Starting age
Dark Age
Ending age
Imperial Age
RankedLock teamsTeams togetherTeam positionsShared explorationLock speedFull tech treeHidden civsTurbo modeCheats
Victory
Defeat
🇺🇸 Saxons · United States
635
+19
🇨🇱 Teutons · Chile
697
-19
MattyFingahZ
7:24 Loom
12:23 Feudal Age
12:54 Double-Bit Axe
14:13 Horse Collar
20:20 Castle Age
19:17 Gold Mining
21:23 Bow Saw
21:00 Crossbowman
23:34 Fletching
23:49 Padded Archer Armor
23:57 Thumb Ring
25:27 Bodkin Arrow
27:14 Elite Skirmisher
29:35 Leather Archer Armor
30:03 Ballistics
31:43 Pikeman
36:27 Imperial Age
34:37 Wheelbarrow
33:54 Town Watch
39:38 Chemistry
39:34 Conscription
39:55 Hoardings
39:52 Bracer
40:39 Hand Cart
40:27 Town Patrol
42:24 Two-Man Saw
42:05 Gold Shaft Mining
41:20 Stone Mining
41:33 Heavy Plow
41:37 Murder Holes
41:54 Masonry
41:53 Siege Engineers
44:04 Arbalester
45:51 Crop Rotation
Bartoz
5:44 Loom
10:16 Feudal Age
10:53 Double-Bit Axe
10:50 Horse Collar
12:01 Town Watch
12:53 Wheelbarrow
19:50 Castle Age
18:21 Arson
19:33 Forging
19:15 Fletching
21:23 Bow Saw
21:16 Heavy Plow
20:50 Man-at-Arms
21:31 Gambesons
23:00 Long Swordsman
23:46 Squires
26:16 Hand Cart
27:24 Iron Casting
28:37 Town Patrol
30:19 Bodkin Arrow
30:25 Scale Mail Armor
30:25 Padded Archer Armor
30:39 Fishing Lines
33:37 Gillnets
34:15 Stone Mining
34:57 Ballistics
41:35 Imperial Age
39:20 Masonry
42:54 Conscription
44:09 Chemistry
43:16 Siege Engineers
Connection lost

Rejoining the realm…

Still unreachable

The connection could not be restored.

Session expired

The server has moved on; the page needs a fresh start.